 Dungeon Crawl Stone Soup version 0.18-a0-1120-g03bd624 (webtiles) character file.

274 gorblad the Skirmisher (level 6, -2/49 HPs)
             Began as a Demonspawn Abyssal Knight on Jan 17, 2016.
             Was a Believer of Lugonu.
             Killed by nerve-wracking pain
             ... invoked by a shadow imp
             ... summoned by Natasha
              (6 damage)
             ... on level 4 of the Dungeon.
             The game lasted 00:06:21 (1893 turns).

gorblad the Skirmisher (Demonspawn Abyssal Knight)  Turns: 1893, Time: 00:06:22

Health: -2/49      AC: 14    Str: 14    XL:     6   Next: 3%
Magic:  7/7        EV:  7    Int: 14    God:    Lugonu [**....]
Gold:   264        SH:  0    Dex: 12    Spells: 0 memorised, 5 levels left

rFire  . . .     SeeInvis .     a - +1 falchion
rCold  + . .     Gourm    .     e - +2 chain mail {rC+}
rNeg   . . .     Faith    .     (no shield)
rPois  .         Spirit   .     (helmet restricted)
rElec  .         Dismiss  .     h - +0 cloak
rCorr  .         Reflect  .     (no gloves)
SustAt .         Harm     .     (no boots)
MR     .....                    (no amulet)
Stlth  ..........               (no ring)
                                (no ring)

@: slowed, very slow, not resistant to hostile enchantments, extremely
unstealthy
A: antennae 1, yellow scales 1, powered by death 2
a: Depart the Abyss, Bend Space, Renounce Religion


You were on level 4 of the Dungeon.
You worshipped Lugonu.
Lugonu was pleased with you.
You were not hungry.

You visited 1 branch of the dungeon, and saw 4 of its levels.
You visited the Abyss 1 time.

You collected 264 gold pieces.

Inventory:

Hand Weapons
 a - a +1 falchion (weapon)
Armour
 e - a +2 chain mail of cold resistance (worn)
 h - a +0 cloak (worn)
Jewellery
 k - a +3 ring of strength {unknown}
 l - a cursed -2 ring of intelligence {unknown}
 m - an uncursed ring of resist corrosion {unknown}
 o - a +2 ring of evasion {unknown}
Wands
 i - a wand of random effects (15/48)
Scrolls
 d - a scroll of identify {unknown}
 p - a scroll of remove curse
Potions
 g - a potion of magic
 n - a potion of ambrosia {unknown}
Comestibles
 b - a meat ration
 c - 2 bread rations
 f - 4 fruits
 j - a beef jerky


   Skills:
 + Level 4.4 Fighting
 + Level 3.1 Long Blades
 + Level 3.2 Armour
 + Level 2.5 Dodging
 - Level 2.5 Invocations


You had 5 spell levels left.
You didn't know any spells.

Dungeon Overview and Level Annotations

Branches:
Dungeon (3/15)             Temple (0/1) D:4

Altars:
Okawaru
Xom

Annotations:
D:4 Natasha


Innate Abilities, Weirdness & Mutations

You have a pair of small antennae on your head.
You are partially covered in yellow scales (AC +2).
You regenerate health from kills.


Message History

Pain shoots through your body!
* * * LOW HITPOINT WARNING * * *
You hit Natasha.
Natasha is severely wounded.
The white imp barely misses you.
Natasha zaps a wand.
The puff of frost hits you! You resist.
* * * LOW HITPOINT WARNING * * *
The shadow imp shouts, "Slither hence, thou canting clay-brained malt-worm!"
The shadow imp hits you but does no damage.
The white imp hits you but does no damage.
Natasha barely misses you.
You hit Natasha but do no damage.
Natasha is severely wounded.
The shadow imp closely misses you.
The white imp hits you but does no damage.
Natasha claws you!
* * * LOW HITPOINT WARNING * * *
The shadow imp gestures at you. Pain shoots through your body!
You die...

..####.## .....# #..
#....# .......# #.....#
##. #...## ####..##
.....# #...# # ##.##
#...... # .....## # ##.#
##. ...# ..#####.# #
###.####.. ...###... ##.
####..........##........
##..#
....[...##(.###..5....#
##.... ....#..##
#.#!..@h....# ......
(..##.## #....##5....#
.###.. #.....#####...##
#/....# #..
..###........## ......
#.# .## #..#...#.# .....
#. ## #.###..##.# ....#
# ## #.# #.## #.. ..##
.# .## #.# ..# .## ## .#
..# .#


You could see Natasha, a white imp and a shadow imp.

Vanquished Creatures
  2 orc wizards (D:4)
  Jessica (D:2)
  Terence (D:2)
  An iguana (D:4)
  Natasha (twice) (D:4)
  A worker ant (D:4)
  An adder (D:4)
  An ooze (D:2)
  2 giant geckos
  6 orcs (D:4)
  A giant cockroach (D:2)
  4 goblins
  7 hobgoblins
  2 jackals (D:2)
  A quokka (D:2)
  7 bats
  A giant newt (D:2)
  5 kobolds
  7 rats
53 creatures vanquished.

Notes
Turn   | Place    | Note
--------------------------------------------------------------
     0 | Abyss:1  | gorblad the Demonspawn Abyssal Knight began the quest for the Orb.
     0 | Abyss:1  | Reached XP level 1. HP: 18/18 MP: 2/2
    34 | Abyss:1  | Noticed a vampire mage
    36 | D:1      | Escaped the Abyss
   110 | D:1      | Reached skill level 1 in Dodging
   180 | D:1      | Reached * piety under Lugonu
   253 | D:1      | You fall through a shaft!
   261 | D:2      | Gained mutation: You are partially covered in yellow scales (AC +2). [demonic ancestry]
   261 | D:2      | Reached XP level 2. HP: 20/24 MP: 3/3
   339 | D:2      | Noticed Jessica
   371 | D:2      | Killed Jessica
   371 | D:2      | Gained mutation: You have a pair of small antennae on your head. [demonic ancestry]
   371 | D:2      | Reached XP level 3. HP: 12/29 MP: 4/4
   380 | D:2      | Noticed Terence
   408 | D:2      | Killed Terence
   408 | D:2      | Gained mutation: You regenerate a little health from kills. [demonic ancestry]
   408 | D:2      | Reached XP level 4. HP: 11/36 MP: 5/5
   704 | D:2      | Found an iron altar of Okawaru.
   845 | D:1      | Reached ** piety under Lugonu
  1083 | D:3      | You fall through a shaft!
  1134 | D:4      | Reached skill level 4 in Fighting
  1140 | D:4      | Gained mutation: You regenerate health from kills. [demonic ancestry]
  1140 | D:4      | Reached XP level 5. HP: 29/42 MP: 6/6
  1285 | D:4      | Found a shimmering altar of Xom.
  1286 | D:4      | Found a shimmering altar of Xom.
  1315 | D:4      | Found a staircase to the Ecumenical Temple.
  1317 | D:4      | Noticed Natasha
  1350 | D:4      | Killed Natasha
  1741 | D:4      | Noticed Natasha
  1756 | D:4      | Killed Natasha
  1756 | D:4      | Reached XP level 6. HP: 43/49 MP: 7/7
  1881 | D:4      | Noticed Natasha
  1893 | D:4      | Killed from afar by a shadow imp

Vault maps used:
D:1:      minmay_arrival_arboretum_small
D:2:      kennysheep_okawaru_gauntlet, uniq_jessica, uniq_terence
D:3:      gammafunk_temple_overflow_forgotten, roderic_lattice_a,
          columned_hall_lemuel, kennysheep_cross_room, minmay_misc_feat_encased,
          uniq_iyjb, uniq_crazy_yiuf_cottage
D:4:      xom_redecorated, minmay_temple_entry_glass, first_bread, uniq_natasha
Abyss:1:  hangedman_abyss_sting

Action                   |  1- 3 |  4- 6 || total
-------------------------+-------+-------++-------
Melee: Falchion          |    90 |   174 ||   264
Invok: Depart the Abyss  |     1 |       ||     1
  Use: Potion            |       |     7 ||     7
       Scroll            |       |     1 ||     1
  Eat: Chunk             |       |     4 ||     4
